 Dungeon Crawl Stone Soup version 0.31.0-11-ge490571c62 (webtiles) character file.

Game seed: 14900456724015790975

9 protoss039 the Digger (level 2, 0/20 HPs)
             Began as a Demonspawn Earth Elementalist on Jan 31, 2024.
             Slain by a frilled lizard (2 damage)
             ... on level 1 of the Dungeon.
             The game lasted 00:00:48 (157 turns).

protoss039 the Digger (DsEE)                         Turns: 157, Time: 00:00:49

Health: 0/20       AC:  3    Str:  8    XL:     2   Next: 3%
Magic:  5/5        EV:  9    Int: 15    God:
Gold:   0          SH:  0    Dex: 13    Spells: 4/5 levels left

rFire   . . .        c - +2 dagger (venom)
rCold   . . .        (no shield)
rNeg    . . .        a - +0 robe
rPois   .            (helmet restricted)
rElec   .            (no cloak)
rCorr   .            (no gloves)
SInv    .            d - +0 pair of boots
Will    .....        (no amulet)
Stlth   ++           (no ring)
HPRegen 0.23/turn    (no ring)
MPRegen 0.09/turn

%: no passive effects
@: constricted
A: antennae 1
a: no special abilities


You were on level 1 of the Dungeon.
You visited 1 branch of the dungeon, and saw 1 of its levels.

Inventory:

Hand Weapons
 c - a +2 dagger of venom (weapon)
Armour
 a - a +0 robe (worn)
 d - a +0 pair of boots (worn)
Potions
 b - a potion of magic


   Skills:
 + Level 0.6 Fighting
 + Level 0.4 Short Blades
 + Level 2.0 Dodging
 + Level 2.0 Stealth
 - Level 2.0 Spellcasting
 - Level 1.0 Conjurations
 - Level 2.7 Earth Magic


You had 4 spell levels left.
You knew the following spells:

 Your Spells              Type           Power      Damage    Failure   Level
a - Sandblast             Erth           18%        2d7       8%          1

Your spell library contained the following spells:

 Spells                   Type           Power      Damage    Failure   Level
 Passwall                 Erth           9%         N/A       22%         3
 Stone Arrow              Conj/Erth      14%        3d7       30%         3
 Brom's Barrelling Bould  Conj/Erth      7%         2d3       71%         4
 Petrify                  Alch/Erth      5%         N/A       77%         4


Dungeon Overview and Level Annotations

Branches:
Dungeon (1/15) Zot: 5842

Altars:


Innate Abilities, Weirdness & Mutations

You have a pair of small antennae on your head.


Message History

A frilled lizard is nearby!
A kobold comes into view. It is wielding a +0 club.
There are monsters nearby!
A ball python comes into view.
The kobold shouts!
The ball python hisses angrily.
A bat comes into view.
The frilled lizard bites you.
You closely miss the kobold. The ball python closely misses you.
The ball python grabs you. The ball python constricts you.
You hit the ball python but do no damage.
The kobold hits you with a +0 club. The frilled lizard bites you.
The ball python bites you but does no damage.
The ball python constricts you.
Unknown command.
You barely miss the ball python. The kobold hits you with a +0 club.
The frilled lizard barely misses you. The ball python misses you.
The ball python constricts you.
Unknown command.
You are too injured to fight recklessly!
Unknown command.
You closely miss the kobold. The kobold hits you with a +0 club.
The frilled lizard bites you but does no damage.
The ball python closely misses you. The ball python constricts you.
You hit the kobold.
The kobold is poisoned.
The kobold is severely wounded.
You kill the kobold!
The bat hits you.
* * * LOW HITPOINT WARNING * * *
The ball python barely misses you. The ball python constricts you.
* * * LOW HITPOINT WARNING * * *
The frilled lizard bites you.
* * * LOW HITPOINT WARNING * * *
The ball python bites you.
* * * LOW HITPOINT WARNING * * *
The ball python constricts you.
Unknown command.
You hit the ball python but do no damage.
The ball python is poisoned.
The bat hits you but does no damage. The bat barely misses you.
The frilled lizard bites you.
You die...

#.............#
#####.
#...^.†.......# #.
#.......†.....##
##
#.#8###8###8#).#
##
#.############.##
#.
#............#..#
#.
##...........##.##
## #...........
#..## ##
#..b@.......
##..###.
#..)Sl......
##.....
#...........
####..
#........... ###
#...........
#...........
#...........
##########..


You could see a bat, a ball python (very poisoned) and a frilled lizard.

Vanquished Creatures
  3 kobolds (D:1)
  3 ball pythons (D:1)
  2 bats (D:1)
  A goblin (D:1)
9 creatures vanquished.

Notes
Turn   | Place    | Note
-------+----------+-------------------------------------------
     0 | D:1      | protoss039 the Demonspawn Earth Elementalist began the
                  | quest for the Orb.
     0 | D:1      | Reached XP level 1. HP: 13/13 MP: 3/3
   141 | D:1      | Gained mutation: You have a pair of small antennae on your
                  | head. [demonic ancestry]
   141 | D:1      | Reached XP level 2. HP: 20/20 MP: 5/5
   157 | D:1      | Slain by a frilled lizard

Illustrated notes

Levels and vault maps discovered:
D:1:      lightli_iron_boxes, layout_basic,
          dreamdust_ecumenical_altar_drowned_temple, serial_corexii_hall,
          corexii_hall_statues_x, corexii_hall_statues_i,
          corexii_hall_statues_u, corexii_hall_statues_deadend

Skill      XL: |  1 |
---------------+----+-----
Dodging        | 2 |  2.0
Stealth        | 2 |  2.0
Fighting       | |  0.6
Short Blades   | |  0.4
Spellcasting   | |  2.0
Conjurations   | |  1.0
Earth Magic    | |  2.7

Action                     || total
---------------------------++-------
  Melee: Dagger            ||    25
         Punch             ||     1
   Cast: Sandblast         ||     1
 Armour: Robe              ||    22
  Dodge: Dodged            ||    28
